 Dungeon Crawl Stone Soup version 0.29.1-15-g9cfb28693d (webtiles) character file.

Game seed: 1473643320277761855

500 hawla the Firebug (level 7, -1/50 HPs)
             Began as a Meteoran Fire Elementalist on Mar 19, 2023.
             Was a Follower of Vehumet.
             Slain by Maggie
             ... wielding a +1 broad axe of flaming
              (4 damage)
             ... on level 8 of the Dungeon on Mar 21, 2023.
             The game lasted 00:07:31 (1373 turns).

hawla the Firebug (Meteoran Fire Elementalist)      Turns: 1373, Time: 00:07:32

Health: -1/50      AC:  6    Str:  9    XL:     7   Next: 67%
Magic:  9/14       EV: 13    Int: 18    God:    Vehumet [*.....]
Gold:   103        SH:  0    Dex: 16    Spells: 7/14 levels left

rFire   . . .      SeeInvis .   b - +0 long sword
rCold   . . .      Faith    .   (no shield)
rNeg    . . .      Spirit   .   a - +1 robe
rPois   .          Reflect  .   (no helmet)
rElec   .          Harm     .   (no cloak)
rCorr   .          Rampage  .   e - +2 pair of gloves
Will    .....                   (no boots)
Stlth   +.........              (no amulet)
HPRegen 0.16/turn               (no ring)
MPRegen 0.14/turn               (no ring)

@: marked, glowing
A: sense surroundings 1, otherworldly, glowing, explore regen
a: Renounce Religion


You were on level 8 of the Dungeon.
You worshipped Vehumet.
Vehumet was aware of your devotion.
You visited 2 branches of the dungeon, and saw 9 of its levels.

You collected 115 gold pieces.
You spent 12 gold pieces at shops.

Inventory:

Hand Weapons
 b - a +0 long sword (weapon)
Armour
 a - a +1 robe (worn)
 e - a +2 pair of gloves (worn)
Scrolls
 c - a scroll of amnesia
 d - a scroll of enchant armour
 f - 4 scrolls of identify {unknown}
 g - 2 scrolls of enchant weapon {unknown}
 i - a scroll of magic mapping {unknown}
 j - a scroll of teleportation {unknown}
Potions
 h - a potion of mutation {unknown}
 k - a potion of curing {unknown}


   Skills:
 + Level 4.0 Long Blades
 + Level 2.9 Dodging
 - Level 1.4 Stealth
 + Level 4.0 Spellcasting
 + Level 5.4 Conjurations
 + Level 5.4 Fire Magic


You had 7 spell levels left.
You knew the following spells:

 Your Spells              Type           Power      Damage    Failure   Level
a - Foxfire               Conj/Fire      92%        2x1d8     1%          1
b - Scorch                Fire           46%        2d7       2%          2
c - Flame Wave            Conj/Fire      23%        2d8       16%         4

Your spell library contained the following spells:

 Spells                   Type           Power      Damage    Failure   Level
 Sandblast                Erth           6%         2d5       14%         1
 Conjure Flame            Conj/Fire      23%        6-21      4%          3
 Inner Flame              Hex/Fire       13%        N/A       14%         3
 Blink                    Tloc           6%         N/A       22%         2
 Passage of Golubria      Tloc           3%         N/A       82%         4
 Manifold Assault         Tloc           3%         N/A       99%         5
 Silence                  Hex/Air        1%         N/A       99%         5
 Storm Form               Tmut/Air       1%         N/A       100%        7
 Lehudib's Crystal Spear  Conj/Erth      6%         10d3      100%        8


Dungeon Overview and Level Annotations

Branches:
Dungeon (8/15) Zot: 3505   Temple (1/1) D:4 Zot: 514
   Lair: D:8-11

Altars:
Ashenzari
Dithmenos
Elyvilon
Gozag
Kikubaaqudgha
Makhleb
Nemelex Xobeh
Qazlal
Ru
Sif Muna
Trog
Vehumet
Zin
The Shining One

Shops:
D:4 !

Annotations:
D:5 Edmund
D:8 Maggie


Innate Abilities, Weirdness & Mutations

You passively map a small area around you.
You are easily found by Zot.
You glow in the dark.
You regain HP and MP as you explore.


Message History

You hit the orc but do no damage.
The orc is severely wounded.
The orc barely misses you. The orc closely misses you.
You closely miss the orc.
The orc is severely wounded.
The orc hits you but does no damage.
You slash the orc!
You kill the orc!
Vehumet accepts your kill.
HP restored.
A sourceless malevolence fills the Dungeon...
With a horrendous wail, an alarm goes off!
A sentinel's mark forms upon you.
You hear a shout!
You hear a bellow! x2; You hear an angry hiss.
k - a golden potion A gargoyle comes into view.
It is wielding a +4 quarterstaff.
Maggie the Vainglorious comes into view.
She is wielding a +1 broad axe of flaming.
Cast which spell? (? or * to list)
The spell is quite dangerous to miscast (16% risk of failure)!
Continue anyway?
Casting: Flame Wave (quite dangerous; 16% risk of failure)
Press: ? - help, Dir - look around, f - activate A wave of flame ripples out!
The flame wave engulfs the gargoyle.
The gargoyle is moderately damaged.
The flame wave engulfs Maggie.
Maggie is lightly wounded. (Press . to intensify the flame waves.)
The gargoyle hurls a stone arrow at you.
The stone arrow hits you!
Maggie hits you with a +1 broad axe of flaming.
Maggie burns you.
A wave of flame ripples out!
The flame wave engulfs the gargoyle.
The gargoyle is heavily damaged.
The flame wave engulfs Maggie!
Maggie is moderately wounded.
The gargoyle hits you with a +4 quarterstaff!
* * * LOW HITPOINT WARNING * * *
Maggie hits you with a +1 broad axe of flaming!
* * * LOW HITPOINT WARNING * * *
Maggie burns you.
You die...

..................#
#.##.###....
.##.............### #.##.#
#####
.####....###..#.######.##.#
***# ..###....#
#...........##.#* .
#........# #.##.#########.#
* ## ##....#..# #.##.# #.#
#.....#..###.##.# #.#
..#####......##9#### #.#
#.# #........#@..# #.#*
#.#####..######@##.######.#
* #........# #.##........#
####.###)# #.########### *
#.....# #.# * ** #######
#..,, ### **


You could see Maggie and a gargoyle.

Vanquished Creatures
  2 ice beasts
  A bullfrog (D:8)
  A scorpion (D:6)
  A hound (D:7)
  A jelly (D:5)
  An orc priest (D:8)
  An iguana (D:5)
  An orc wizard (D:8)
  2 dart slugs (D:1)
  13 orcs
  2 ball pythons
  A giant cockroach (D:1)
  2 hobgoblins
  8 jackals (D:4)
  A quokka (D:5)
  3 kobolds (D:4)
  2 rats (D:1)
43 creatures vanquished.

Vanquished Creatures (others)
  97 foxfires
97 creatures vanquished.

Grand Total: 140 creatures vanquished

Notes
Turn   | Place    | Note
-------+----------+-------------------------------------------
     0 | D:1      | hawla the Meteoran Fire Elementalist began the quest for
                  | the Orb.
     0 | D:1      | Reached XP level 1. HP: 14/14 MP: 5/5
    55 | D:1      | Reached XP level 2. HP: 20/20 MP: 0/6
    58 | D:1      | Learned a level 2 spell: Scorch
   267 | D:4      | Found Biriud's Distillery.
   274 | D:4      | Reached XP level 3. HP: 26/26 MP: 2/8
   296 | D:4      | Bought a potion of degeneration for 12 gold pieces
   309 | D:4      | Found a staircase to the Ecumenical Temple.
   319 | Temple   | Entered the Ecumenical Temple
   394 | Temple   | Became a worshipper of Vehumet
   437 | D:5      | Entered Level 5 of the Dungeon
   448 | D:5      | Noticed an ice beast
   453 | D:5      | Killed an ice beast
   454 | D:5      | Reached skill level 5 in Fire Magic
   454 | D:5      | Reached XP level 4. HP: 33/33 MP: 4/11
   454 | D:5      | Reached XP level 5. HP: 38/38 MP: 4/12
   459 | D:5      | Learned a level 4 spell: Flame Wave
   663 | D:5      | Reached XP level 6. HP: 34/45 MP: 2/13
   732 | D:5      | Noticed Edmund
  1001 | D:7      | Reached skill level 5 in Conjurations
  1009 | D:7      | Reached * piety under Vehumet
  1009 | D:7      | Offered knowledge of Sandblast by Vehumet.
  1060 | D:7      | Noticed an ice beast
  1064 | D:7      | Killed an ice beast
  1065 | D:7      | Reached XP level 7. HP: 50/50 MP: 10/14
  1371 | D:8      | Noticed a gargoyle
  1371 | D:8      | Noticed Maggie
  1373 | D:8      | Slain by Maggie

Illustrated notes

Levels and vault maps discovered:
D:1:      giann_wishing_wells, layout_basic, serial_shops,
          nicolae_shop_waterfront
D:2:      layout_basic, dreamdust_mushroom_princess, uniq_terence
D:3:      layout_basic, okawaru_altar_gauntlet_db, mainiacjoe_overflow_alcove_1,
          dancing_weapons_uskayaw, basic_ecumenical_altar
D:4:      layout_loops_cross, tgw_fedhas, minmay_temple_entry_purple_smoke,
          serial_shops, nicolae_stop_n_shop_1, nicolae_shop_waterfront,
          kennysheep_mini_moat, nicolae_shop_statue_plus,
          nicolae_shop_window_shopping, uniq_menkaure
D:5:      layout_basic, serial_shops, nicolae_take_the_stairs,
          minmay_misc_feat_x, uniq_edmund
D:6:      layout_layer_cave
D:7:      minmay_inner_zag, layout_cave_pools, nicolae_overflow_crystal_walls,
          lemuel_zombie_altar_yredelemnul, kennysheep_diamond,
          nicolae_shop_firing_range
D:8:      layout_loops_ring, beargit_hepliaklqana_dungeon_heroes,
          pdpol_wu_jian_five_deadly_venoms, eino_small_chamber_without_monster,
          st_stairs_1, uniq_maggie
Temple:   nicolae_temple_great_sept

Skill      XL: |  1  2  3  4  5  6  7 |
---------------+----------------------+-----
Spellcasting   | 3 4 |  4.0
Fire Magic     | 4 5 |  5.4
Conjurations   | 3 5 |  5.4
Long Blades    | 2 4 |  4.0
Dodging        | |  2.9
Stealth        | |  1.4

Action                   |  1- 3 |  4- 6 |  7- 9 || total
-------------------------+-------+-------+-------++-------
Melee: Unarmed           |    24 |       |       ||    24
       Long sword        |       |    10 |    14 ||    24
       Punch             |       |       |     1 ||     1
 Cast: Foxfire           |    29 |    19 |     9 ||    57
       Scorch            |     4 |    17 |     5 ||    26
       Flame Wave        |       |       |     1 ||     1
  Use: Scroll            |     2 |     2 |       ||     4
       Potion            |     1 |       |       ||     1
Armor: Robe              |    10 |     3 |     4 ||    17
Dodge: Dodged            |    22 |    14 |     8 ||    44
